 Dungeon Crawl Stone Soup version 0.20-a0-9-g62d82d9 (console) character file.

243 lynn the Shield-Bearer (level 6, 3/50 HPs)
             Began as a Formicid Fighter on Nov 1, 2016.
             Quit the game on level 3 of the Dungeon.
             The game lasted 00:00:43 (1472 turns).

lynn the Shield-Bearer (Formicid Fighter)           Turns: 1472, Time: 00:00:44

Health: 3/50       AC:  6    Str: 21    XL:     6   Next: 31%
Magic:  6/6        EV:  8    Int:  7    God:
Gold:   86         SH: 10    Dex: 12    Spells: 0 memorised, 5 levels left

rFire  . . .     SeeInvis +     a - +0 war axe
rCold  . . .     Gourm    .     b - +0 scale mail
rNeg   . . .     Faith    .     c - +0 shield
rPois  .         Spirit   .     (helmet unavailable)
rElec  .         Reflect  .     (no cloak)
rCorr  .         Harm     .     (no gloves)
MR     .....                    (no boots)
Stlth  ..........               (no amulet)
                                (no ring)
                                (no ring)

@: lethally poisoned (3 -> -16), flying
A: permanent stasis, dig shafts and tunnels, four strong arms, antennae 3
a: Dig, Shaft Self


You were on level 3 of the Dungeon.
You were hungry.

You visited 1 branch of the dungeon, and saw 3 of its levels.

You collected 86 gold pieces.

Inventory:

Hand Weapons
 a - a +0 war axe (weapon)
Armour
 b - a +0 scale mail (worn)
 c - a +0 shield (worn)
Scrolls
 e - 3 scrolls of remove curse {unknown}
 h - a scroll of teleportation {unknown}
 k - a scroll of fog {unknown}
 l - a scroll of enchant armour {unknown}
 m - a scroll of magic mapping {unknown}
 n - a scroll of identify {unknown}
 p - a scroll of immolation {unknown}
 r - a scroll of amnesia {unknown}
Potions
 g - a potion of flight
Comestibles
 f - a bread ration
 o - a royal jelly
 q - a meat ration


   Skills:
 + Level 4.9 Fighting
 + Level 3.8 Axes
 - Level 3.2 Armour
 + Level 5.5 Shields


You had 5 spell levels left.
You didn't know any spells.

Dungeon Overview and Level Annotations

Branches:
Dungeon (3/15)

Altars:
Sif Muna
Xom

Annotations:
D:3 brucemayne's ghost, weakling HOMo


Innate Abilities, Weirdness & Mutations

You are under a permanent stasis effect.
You can dig through walls and to a lower floor.
Your four strong arms can wield two-handed weapons with a shield.
You have a pair of large antennae on your head. (SInv)


Message History

You barely miss brucemayne's ghost.
Brucemayne's ghost is lightly damaged.
* * * LOW HITPOINT WARNING * * *
You feel sick.
Brucemayne's ghost hits you but does no damage.
You are more poisoned.
You closely miss brucemayne's ghost.
Brucemayne's ghost is lightly damaged.
* * * LOW HITPOINT WARNING * * *
You feel very sick.
Brucemayne's ghost hits you but does no damage.
You hit brucemayne's ghost.
Brucemayne's ghost is moderately damaged.
* * * LOW HITPOINT WARNING * * *
You feel sick. You block brucemayne's ghost's attack.
Brucemayne's ghost hits you.
* * * LOW HITPOINT WARNING * * *
Okay, then.
Enter note: hecko Are you sure you want to abandon this character and quit the game? (Confirm with "yes".)

.....#.....#...
.....#.....#...
..............
............. ..
.........#####.
...##.............
#................
#..)........%.
#..#@#.........
......W.#.........
.#...##.#.)......#
.... ..#........#
##. ###........# #
#.........
##........
.........
.........


You could see brucemayne's ghost.

Vanquished Creatures
  Sigmund (D:3)
  Jessica (D:2)
  2 adders (D:2)
  2 dart slugs (D:1)
  A leopard gecko (D:2)
  2 orcs
  2 giant cockroaches (D:1)
  3 goblins (D:1)
  5 hobgoblins
  2 jackals (D:1)
  5 bats
  2 frilled lizards
  2 kobolds (D:1)
  6 rats
36 creatures vanquished.

Notes
Turn   | Place    | Note
-------+----------+-------------------------------------------
     0 | D:1      | lynn the Formicid Fighter began the quest for the Orb.
     0 | D:1      | Reached XP level 1. HP: 18/18 MP: 1/1
    47 | D:1      | Reached XP level 2. HP: 22/24 MP: 2/2
   196 | D:1      | Reached skill level 4 in Shields
   406 | D:1      | Reached XP level 3. HP: 29/29 MP: 3/3
   676 | D:2      | Noticed Jessica
   695 | D:2      | Killed Jessica
   695 | D:2      | Reached XP level 4. HP: 31/37 MP: 4/4
   977 | D:2      | Found a shimmering altar of Xom.
  1034 | D:2      | Found a deep blue altar of Sif Muna.
  1232 | D:3      | Noticed Sigmund
  1242 | D:3      | Killed Sigmund
  1242 | D:3      | Reached skill level 5 in Shields
  1242 | D:3      | Reached XP level 5. HP: 13/43 MP: 5/5
  1242 | D:3      | Reached XP level 6. HP: 15/50 MP: 6/6
  1277 | D:3      | Noticed brucemayne's ghost (weakling HOMo)
  1472 | D:3      | hecko
  1472 | D:3      | Quit the game

Vault maps used:
D:1:      lemuel_arrival_hallway
D:2:      lemuel_crystal_altar, tgw_xom, uniq_jessica
D:3:      first_bread, uniq_sigmund

Skill      XL: |  1  2  3  4 |
---------------+-------------+-----
Shields        | 4 5 |  5.5
Fighting       | 4 |  4.9
Axes           | 3 |  3.8
Armour         | |  3.2

Action                   |  1- 3 |  4- 6 || total
-------------------------+-------+-------++-------
Melee: War axe           |    76 |    36 ||   112
  Use: Potion            |       |     3 ||     3
  Eat: Chunk             |       |     1 ||     1
Armor: Scale mail        |    19 |    13 ||    32
Dodge: Dodged            |    29 |    14 ||    43
Block: Shield            |    31 |    15 ||    46

Vault maps used:
D:1:      lemuel_arrival_hallway
D:2:      lemuel_crystal_altar, tgw_xom, uniq_jessica
D:3:      first_bread, uniq_sigmund
